 Dungeon Crawl Stone Soup version 0.17.2-1-ge4368a0 (webtiles) character file.

2024 magog001 the Covered (level 9, -7/67 (68) HPs)
             Began as a Formicid Fighter on Oct 2, 2016.
             Was an Initiate of Fedhas.
             Mangled by a hill giant
             ... wielding a +0 giant spiked club
              (29 damage)
             ... on level 10 of the Dungeon.
             The game lasted 01:03:21 (7939 turns).

magog001 the Covered (Formicid Fighter)             Turns: 7939, Time: 01:03:21

HP:   -7/67 (68)    AC: 11    Str: 24    XL:     9   Next: 47%
MP:   10/10         EV: 10    Int:  8    God:    Fedhas [......]
Gold: 312           SH: 11    Dex: 10    Spells: 0 memorised, 8 levels left

rFire  . . .     SeeInvis +     M - +1 great sword
rCold  + . .     Clarity  .     b - +0 scale mail
rNeg   . . .     SustAt   .     c - +0 shield
rPois  .         Gourm    .     (helmet unavailable)
rElec  .         Spirit   .     p - +0 cloak
rCorr  .         Warding  .     j - +1 pair of gloves
rMut   .         Stasis   +     (no boots)
MR     .....                    (no amulet)
Stlth  ..........               (no ring)
                                (no ring)

@: not resistant to hostile enchantments, extremely unstealthy
A: permanent stasis, dig shafts and tunnels, four strong arms, antennae 3,
talons 1, cold resistance 1, slow regeneration 1
a: Dig, Shaft Self, Renounce Religion


You were on level 10 of the Dungeon.
You worshipped Fedhas.
Fedhas was noncommittal.
You were not hungry.

You visited 1 branch of the dungeon, and saw 9 of its levels.
You also visited: Sewer.

You collected 312 gold pieces.

Inventory:

Hand Weapons
 a - a +0 war axe
 B - a +2 whip of flaming
 D - a +0 dagger of chaos
 G - a +0 club of chaos
 I - a +1 vampiric whip
 M - a +1 great sword (weapon)
Missiles
 e - 12 arrows of flame
 f - 269 stones
 n - 29 bolts
 t - 73 arrows
 x - 74 poisoned needles
 y - 3 tomahawks (quivered)
Armour
 b - a +0 scale mail (worn)
 c - a +0 shield (worn)
 j - a +1 pair of gloves (worn)
 p - a +0 cloak (worn)
 S - a +2 leather armour of cold resistance
Jewellery
 N - an uncursed amulet of regeneration
Wands
 g - a wand of frost (34)
 i - a wand of hasting (3)
 F - a wand of digging (10)
 H - a wand of magic darts (19)
Scrolls
 k - 4 scrolls of identify
 m - 2 scrolls of amnesia
 o - a scroll of fog
 u - 2 scrolls of blinking
 w - a scroll of enchant armour
 z - 3 scrolls of remove curse
 L - a scroll of magic mapping
Potions
 d - 2 potions of might
 q - a potion of curing
 v - 4 potions of lignification
 J - 3 potions of flight
 P - 2 potions of haste
 R - 2 potions of brilliance
Books
 O - a book of Envenomations

   Spells                             Type                      Level
   a - Spider Form                    Transmutation/Poison         3
   b - Alistair's Intoxication        Transmutation/Poison         4
   c - Olgreb's Toxic Radiance        Poison                       4
   d - Poisonous Cloud                Conjuration/Poison/Air       6
Comestibles
 l - 3 meat rations
 r - 4 fruits
 s - a beef jerky
 K - 2 bread rations
 Q - a royal jelly


   Skills:
 * Level 5.5 Fighting
 + Level 2.5 Long Blades
 + Level 3.4 Axes
 * Level 3.4 Throwing
 * Level 7.4 Armour
 + Level 3.1 Dodging
 + Level 1.5 Stealth
 * Level 7.4 Shields
 + Level 1.7 Invocations


You had 8 spell levels left.
You didn't know any spells.

Dungeon Overview and Level Annotations

Branches:
Dungeon (10/15)            Temple (0/1) D:5
   Lair: D:8-11         Orc: D:9-12

Altars:
Cheibriados
Dithmenos
Elyvilon
Fedhas
Kikubaaqudgha
Makhleb
Nemelex Xobeh
Qazlal
Sif Muna
Trog
Vehumet
Xom
The Shining One

Shops:
D:6 }   D:7 (


Innate Abilities, Weirdness & Mutations

You are under a permanent stasis effect.
You can dig through walls and to a lower floor.
Your four strong arms can wield two-handed weapons with a shield.
You have a pair of large antennae on your head (SInv).
You have sharp toenails.
Your flesh is cold resistant.
You regenerate slowly when monsters are visible.


Message History

A killer bee and a hill giant come into view.
The killer bee buzzes angrily.
The hill giant shouts!
Found five items.
A killer bee comes into view.
You barely miss the hill giant.
The killer bee buzzes angrily.
You claw the hill giant, but do no damage.
The hill giant hits you with a giant spiked club!!
A killer bee comes into view.
The killer bee buzzes angrily.
The hill giant hits you with a giant spiked club!!
You see here 15 gold pieces.
The killer bee stings you but does no damage.
Read which item? (? for menu, Esc to quit)
As you read the scroll of fog, it crumbles to dust.
The scroll dissolves into smoke.
The killer bee stings you but does no damage.
The hill giant hits you with a giant spiked club!!
You die...
Fedhas appreciates your contribution to the ecosystem.

# ..#
#############..#
.......§§§§§...#
........C@§....#
........yy§§...#
.......y......?#
...............#
...............#
...............#
..!.....!......#
...............#
...............#


You could see a hill giant and 3 killer bees.

Vanquished Creatures
  3 phantoms
  A necrophage (D:7)
  2 ogres
  The ghost of magog001 the Shield-Bearer, an amateur HaFi (D:3)
  A big kobold (Sewer)
  A giant frog zombie (D:6)
  2 crimson imps
  An orc priest (D:5)
  4 iguanas
  An orc wizard (D:5)
  2 centaur skeletons (D:4)
  2 hounds (D:7)
  4 worker ants
  A killer bee zombie (D:8)
  A hound skeleton (D:7)
  A hound zombie (D:8)
  A worker ant zombie (D:3)
  7 adders
  4 river rats
  3 shadow imps
  3 worms
  6 giant geckos
  14 orcs
  A ball python (D:2)
  7 bats
  3 giant cockroaches
  8 hobgoblins
  10 jackals
  2 quokkas
  2 giant gecko skeletons
  7 giant newts
  4 goblins
  10 kobolds
  9 rats
  A toadstool (D:5)
130 creatures vanquished.

Vanquished Creatures (collateral kills)
  2 black bears (D:6)
  An orc warrior (D:6)
  4 ogres
  A big kobold (D:7)
  2 scorpions (D:5)
  A water moccasin skeleton (D:7)
  2 crimson imps
  3 orc priests (D:6)
  3 orc wizards (D:6)
  A hound skeleton (D:5)
  A hound zombie (D:6)
  5 gnolls
  An adder (D:6)
  An adder skeleton (D:6)
  A giant gecko (D:6)
  An orc (D:6)
  A giant cockroach (D:5)
31 creatures vanquished.

Vanquished Creatures (others)
  5 wandering mushrooms
  A quokka (D:2)
  55 toadstools
61 creatures vanquished.

Grand Total: 222 creatures vanquished

Notes
Turn   | Place    | Note
--------------------------------------------------------------
     0 | D:1      | magog001 the Formicid Fighter began the quest for the Orb.
     0 | D:1      | Reached XP level 1. HP: 18/18 MP: 1/1
   583 | D:1      | Reached XP level 2. HP: 22/24 MP: 2/2
  1114 | D:2      | Found a blossoming altar of Fedhas.
  1140 | D:2      | Became a worshipper of Fedhas Madash
  1155 | D:2      | Found an ancient bone altar of Kikubaaqudgha.
  1161 | D:2      | Reached XP level 3. HP: 27/29 MP: 3/3
  1188 | D:2      | Reached skill level 4 in Armour
  1782 | D:2      | Found a radiant altar of Vehumet.
  1786 | D:2      | Found a glowing golden altar of the Shining One.
  1957 | D:2      | Found a white marble altar of Elyvilon.
  2306 | D:3      | Reached XP level 4. HP: 35/35 MP: 4/4
  2628 | D:3      | Noticed magog001's ghost (amateur HaFi)
  2639 | D:3      | Killed magog001's ghost
  2639 | D:3      | Reached skill level 1 in Dodging
  2639 | D:3      | Reached XP level 5. HP: 28/42 MP: 5/5
  2776 | D:3      | Reached skill level 1 in Stealth
  2883 | D:3      | Found a deep blue altar of Sif Muna.
  3257 | D:3      | Reached skill level 5 in Shields
  3406 | D:3      | Found a shimmering altar of Xom.
  3495 | D:4      | Reached XP level 6. HP: 32/48 MP: 6/6
  3504 | D:4      | Noticed an ogre
  3511 | D:4      | Killed an ogre
  3511 | D:4      | Reached skill level 1 in Throwing
  3734 | D:4      | Found a snail-covered altar of Cheibriados.
  3879 | D:4      | Found a glowing drain.
  3895 | Sewer    | Entered a sewer
  3911 | Sewer    | Reached * piety under Fedhas
  4071 | Sewer    | Reached skill level 5 in Armour
  4071 | Sewer    | Reached XP level 7. HP: 48/54 MP: 7/7
  4130 | Sewer    | Found a glowing silver altar of Zin.
  4428 | D:4      | Found a shadowy altar of Dithmenos.
  4428 | D:4      | Noticed a phantom
  4449 | D:4      | Killed a phantom
  4783 | D:4      | Noticed a phantom
  4803 | D:4      | Killed a phantom
  4861 | D:5      | Entered Level 5 of the Dungeon
  4907 | D:5      | Reached XP level 8. HP: 26/61 MP: 8/8
  4918 | D:5      | Reached skill level 6 in Armour
  5875 | D:5      | Found a sparkling altar of Nemelex Xobeh.
  6076 | D:5      | Gained mutation: You regenerate slowly when monsters are visible. [potion of mutation]
  6076 | D:5      | Gained mutation: Your flesh is cold resistant. [potion of mutation]
  6076 | D:5      | Gained mutation: You have sharp toenails. [potion of mutation]
  6137 | D:5      | Found a staircase to the Ecumenical Temple.
  6428 | D:6      | Reached skill level 5 in Fighting
  6428 | D:6      | Reached skill level 1 in Long Blades
  6489 | D:6      | Reached skill level 1 in Invocations
  6509 | D:6      | Found a bloodstained altar of Trog.
  6546 | D:6      | Found Urub's Gadget Shop.
  6575 | D:6      | Reached XP level 9. HP: 49/68 MP: 10/10
  6868 | D:6      | Reached skill level 7 in Shields
  6893 | D:7      | Found Erosapto's Antique Weapon Boutique.
  7107 | D:7      | Found a burning altar of Makhleb.
  7391 | D:7      | Found a stormy altar of Qazlal.
  7933 | D:8      | You fall through a shaft for 2 floors!
  7933 | D:10     | Entered Level 10 of the Dungeon
  7933 | D:10     | Noticed a hill giant
  7939 | D:10     | Mangled by a hill giant

Action                   |  1- 3 |  4- 6 |  7- 9 || total
-------------------------+-------+-------+-------++-------
Melee: War axe           |   144 |   200 |    51 ||   395
       Club              |       |    10 |       ||    10
       Great sword       |       |       |   223 ||   223
Throw: Stone             |     9 |       |       ||     9
       Tomahawk          |       |     5 |     4 ||     9
Invok: Evolution         |       |       |     8 ||     8
 Abil: Dig               |    10 |     4 |    20 ||    34
Evoke: Wand              |     1 |       |     2 ||     3
  Use: Scroll            |     4 |     3 |    15 ||    22
       Potion            |       |       |     7 ||     7
  Eat: Chunk             |     4 |     1 |     4 ||     9
       Bread ration      |     1 |     1 |     2 ||     4
       Fruit             |     1 |     1 |       ||     2
       Meat ration       |       |       |     1 ||     1
       Pizza             |       |       |     1 ||     1
